 Dungeon Crawl Stone Soup version 0.29.0-4-gdea44cf6ec (webtiles) character file.

Game seed: 11835090612849335802

1873 qw the Cleaver (level 9, -4/55 HPs)
             Began as a Gargoyle Berserker on Sept 6, 2022.
             Was a Believer of Trog.
             Engulfed by an ice statue's freezing vapour (12 damage)
             ... on level 7 of the Dungeon.
             The game lasted 00:01:48 (7863 turns).

qw the Cleaver (Gargoyle Berserker)                 Turns: 7863, Time: 00:01:48

Health: -4/55      AC: 24    Str: 25    XL:     9   Next: 14%
Magic:  9/9        EV:  7    Int:  8    God:    Trog [**....]
Gold:   402        SH:  4    Dex:  9    Spells: 8/8 levels left

rFire   . . .      SeeInvis +   Y - +0 hand axe
rCold   . . .      Faith    .   m - +0 buckler
rNeg    + . .      Spirit   .   s - +0 plate armour
rPois   inf        Reflect  .   b - +2 helmet {SInv}
rElec   +          Harm     .   q - +0 cloak
rCorr   +          Rampage  .   (no gloves)
Will    .....                   a - +0 pair of boots of Moral Flaws {rCorr Slay+2}
Stlth   ..........              (no amulet)
HPRegen 0.18/turn               (no ring)
MPRegen 0.11/turn               (no ring)

@: about to teleport
A: sickness immunity, AC +6, negative energy resistance 1, electricity
resistance, torment resistance 1, petrification resistance
a: Renounce Religion, Berserk, Trog's Hand


You were on level 7 of the Dungeon.
You worshipped Trog.
Trog was pleased with you.
You visited 1 branch of the dungeon, and saw 7 of its levels.

You collected 402 gold pieces.


Innate Abilities, Weirdness & Mutations

You are immune to sickness and miasma.
Your stone body is resilient. (AC +6)
You are immune to poison.
You resist negative energy. (rN+)
You are resistant to electric shocks. (rElec)
You are resistant to unholy torment.
You are immune to petrification.


   Skills:
 - Level 6.0 Fighting
 + Level 8.5 Axes
 - Level 2.3 Throwing
 - Level 5.0 Armour
 - Level 1.5 Dodging
 - Level 3.1 Shields


You had 8 spell levels left.
You didn't know any spells.
Your spell library was empty.

Inventory:

Hand Weapons
 u - a +0 flail
 Y - a +0 hand axe (weapon)
Missiles
 f - 2 javelins (quivered)
Armour
 a - the +0 pair of boots of Moral Flaws (worn) {rCorr Slay+2}
   (You acquired it on level 2 of the Dungeon)

   Slay:      It affects your accuracy & damage with ranged weapons and melee
   (+2).
   rCorr:     It protects you from acid and corrosion.
 b - a +2 helmet of see invisible (worn)
 c - a +0 cloak of preservation
 m - a +0 buckler (worn)
 q - a +0 cloak (worn)
 s - a +0 plate armour (worn)
Scrolls
 h - a scroll of identify
 o - a scroll of teleportation
Potions
 d - a potion of haste
 e - 3 potions of curing
 g - a potion of heal wounds {unknown}
 i - a potion of lignification {unknown}
 j - a potion of degeneration {unknown}
 k - a potion of magic {unknown}
 l - a potion of flight {unknown}
 n - a potion of mutation {unknown}
 r - a potion of berserk rage {unknown}
 t - a potion of brilliance {unknown}

Dungeon Overview and Level Annotations

Branches:
Dungeon (7/15)             Temple (0/1) D:6

Altars:
Dithmenos
Kikubaaqudgha
Makhleb
Yredelemnul

Annotations:
D:6 3 runed translucent doors, qw's ghost, novice GrFi


Message History

You slash the sky beast!
The sky beast is almost dead.
You closely miss the ice beast. You hit the ice beast but do no damage.
The ice beast hits you but does no damage.
The ice beast closely misses you.
The sky beast hits you but does no damage.
You closely miss the sky beast.
The sky beast is almost dead.
You hit the ice beast but do no damage. You hit the ice beast.
The ice beast barely misses you.
The ice beast hits you but does no damage.
The sky beast hits you but does no damage.
You hit the sky beast.
You kill the sky beast!
Trog accepts your kill.
You hit the ice beast but do no damage. You closely miss the ice beast.
The ice beast hits you but does no damage.
You block the ice beast's attack.
You slash the ice beast!
The ice beast is heavily wounded.
You hit the ice beast but do no damage.
The ice beast hits you but does no damage.
The ice beast barely misses you.
You slash the ice beast!
The ice beast is almost dead.
You hit the ice beast. The ice statue gestures at you.
The bolt of cold hits you!!
The ice beast hits you but does no damage.
You slash the ice beast!
You kill the ice beast!
The ice beast disappears in a puff of smoke!
You hit the ice beast. The ice statue gestures at you.
The freezing blast engulfs you!! The ice beast completely misses you.
7863 ||| READING 2 scrolls of teleportation.
As you read the scroll of teleportation, it crumbles to dust.
You feel strangely unstable.
You are engulfed in freezing vapours.
You die...

### #.# ##.# #..#
############ ##...
$.~~~.Y000}# ##....
..~~~.0@0..### #..###
..~80.ยค00....##
##.## #
..~~~...0..#..####.##
..~~~.....}##..##.##
##############.#..#
########## #...##
#........## ##..##
##.....#..######..##
#####...........##


You could see an ice statue and an ice beast (summoned).

Vanquished Creatures
  Sigmund (D:4)
  A water moccasin (D:6)
  A sky beast (D:7)
  2 orc warriors
  2 ogres
  2 scorpions (D:5)
  2 necrophages (D:4)
  3 wights (D:7)
  5 killer bees (D:6)
  2 jellies
  3 orc priests
  4 hounds
  3 iguanas
  Ijyb (D:5)
  6 adders
  A shadow imp (D:6)
  A white imp (D:6)
  2 ufetubi
  A worm (D:2)
  2 dart slugs
  12 orcs
  5 ball pythons
  6 endoplasms
  A giant cockroach (D:2)
  5 goblins
  7 hobgoblins
  5 jackals (D:2)
  2 quokkas
  3 frilled lizards
  2 kobolds
  7 rats
100 creatures vanquished.

Notes
Turn   | Place    | Note
-------+----------+-------------------------------------------
     0 | D:1      | qw the Gargoyle Berserker began the quest for the Orb.
     0 | D:1      | Reached XP level 1. HP: 14/14 MP: 1/1
     0 | D:1      | 0 ||| qw: Version: 0.1-a-108-g9e35731
     0 | D:1      | 0 ||| qw: Game counter: 6313
     0 | D:1      | 0 ||| qw: Always use a shield: true
     0 | D:1      | 0 ||| qw: Do Orc after D:15 true
     0 | D:1      | 0 ||| qw: Do second Lair branch before Depths: true
     0 | D:1      | 0 ||| qw: Lair rune preference: random
     0 | D:1      | 0 ||| qw: Plans: Normal
     0 | D:1      | 0 ||| PLANNING D:1-11
   297 | D:1      | Reached skill level 3 in Axes
   335 | D:1      | 335 ||| Stepping ~*~*~tactically~*~*~ (stealth).
   340 | D:1      | 340 ||| Stepping ~*~*~tactically~*~*~ (stealth).
   346 | D:1      | Reached XP level 2. HP: 19/19 MP: 2/2
   361 | D:1      | 361 ||| Stepping ~*~*~tactically~*~*~ (stealth).
   373 | D:1      | 373 ||| INVOKING Berserk.
   419 | D:1      | 419 ||| Stepping ~*~*~tactically~*~*~ (stealth).
   576 | D:1      | 576 ||| Stepping ~*~*~tactically~*~*~ (stealth).
   654 | D:1      | Found a faded altar of an unknown god.
   727 | D:1      | 727 ||| Stepping ~*~*~tactically~*~*~ (stealth).
   762 | D:1      | 762 ||| Stepping ~*~*~tactically~*~*~ (stealth).
   773 | D:1      | 773 ||| INVOKING Berserk.
   774 | D:1      | HP: 7/28 [hobgoblin/staff of death (2)]
  1085 | D:1      | 1085 ||| READING scroll labelled EGYETA ENEA.
  1086 | D:1      | 1086 ||| READING scroll labelled EDGHOG ASAIT.
  1087 | D:1      | 1087 ||| READING scroll labelled COF OTHOAQ.
  1088 | D:1      | 1088 ||| DRINKING 2 viscous inky potions.
  1189 | D:1      | 1189 ||| DROPPING potion of ambrosia.
  1270 | D:2      | 1270 ||| INVOKING Berserk.
  1566 | D:2      | Reached XP level 3. HP: 23/23 MP: 3/3
  1615 | D:2      | 1615 ||| Stepping ~*~*~tactically~*~*~ (stealth).
  1677 | D:2      | Found a basalt altar of Yredelemnul.
  1737 | D:2      | 1737 ||| DROPPING +0 club.
  1830 | D:2      | 1830 ||| Stepping ~*~*~tactically~*~*~ (hiding).
  1933 | D:2      | 1933 ||| Stepping ~*~*~tactically~*~*~ (hiding).
  1936 | D:2      | 1936 ||| Stepping ~*~*~tactically~*~*~ (hiding).
  2123 | D:2      | 2123 ||| INVOKING Berserk.
  2241 | D:2      | Reached skill level 4 in Axes
  2481 | D:2      | 2481 ||| UPGRADING to +0 ring mail.
  2491 | D:2      | 2491 ||| DROPPING +0 animal skin.
  2492 | D:2      | 2492 ||| DROPPING ring of magical power.
  2493 | D:2      | 2493 ||| READING scroll labelled OCUCZY KYENN.
  2594 | D:2      | 2594 ||| READING scroll labelled OCUUCUI FOSOHO.
  2597 | D:2      | 2597 ||| READING 2 scrolls labelled KYR SIHAFOCLU.
  2597 | D:2      | Identified 2 scrolls of acquirement
  2597 | D:2      | 2597 ||| ACQUIRING +0 pair of boots of Moral Flaws {rCorr
                  | Slay+2}
  2597 | D:2      | Acquired the +0 pair of boots of Moral Flaws {rCorr Slay+2}
  2599 | D:2      | 2599 ||| UPGRADING to +0 pair of boots of Moral Flaws
                  | {rCorr Slay+2}.
  2604 | D:2      | 2604 ||| READING scroll of acquirement.
  2604 | D:2      | 2604 ||| ACQUIRING +2 helmet of see invisible
  2604 | D:2      | Acquired a +2 helmet of see invisible
  2606 | D:2      | 2606 ||| UPGRADING to +2 helmet of see invisible.
  2611 | D:2      | 2611 ||| DRINKING 2 dark potions.
  3078 | D:3      | Reached XP level 4. HP: 28/28 MP: 4/4
  3327 | D:3      | 3327 ||| UPGRADING to +0 buckler.
  3332 | D:3      | 3332 ||| READING 2 scrolls labelled LECEEGI YT QAI.
  3333 | D:3      | 3333 ||| READING scroll labelled SEZIPAACYT.
  3334 | D:3      | 3334 ||| DROPPING scroll of poison.
  3528 | D:4      | 3528 ||| INVOKING Berserk.
  3532 | D:4      | Reached XP level 5. HP: 32/32 MP: 5/5
  3536 | D:4      | 3536 ||| STAIRDANCE
  3675 | D:4      | Reached skill level 5 in Axes
  3687 | D:4      | Reached XP level 6. HP: 34/39 MP: 6/6
  3743 | D:4      | 3743 ||| INVOKING Berserk.
  3957 | D:4      | Noticed Sigmund
  3961 | D:4      | 3961 ||| INVOKING Berserk.
  3968 | D:4      | Killed Sigmund
  3969 | D:4      | Reached skill level 6 in Axes
  3969 | D:4      | Reached XP level 7. HP: 44/44 MP: 7/7
  4115 | D:4      | 4115 ||| Stepping ~*~*~tactically~*~*~ (stealth).
  4116 | D:4      | 4116 ||| Stepping ~*~*~tactically~*~*~ (stealth).
  4119 | D:4      | Reached ** piety under Trog
  4294 | D:4      | 4294 ||| DROPPING +0 whip.
  4537 | D:4      | 4537 ||| READING scroll labelled WIOM NEDIJUZITUSO.
  4538 | D:4      | 4538 ||| READING 2 scrolls of identify.
  4538 | D:4      | 4538 ||| IDENTIFYING bubbling brown potion
  4574 | D:5      | Entered Level 5 of the Dungeon
  4604 | D:5      | Reached skill level 3 in Shields
  4745 | D:5      | 4745 ||| Stepping ~*~*~tactically~*~*~ (stealth).
  4822 | D:5      | 4822 ||| Stepping ~*~*~tactically~*~*~ (hiding).
  4967 | D:5      | 4967 ||| Stepping ~*~*~tactically~*~*~ (stealth).
  4971 | D:5      | 4971 ||| Stepping ~*~*~tactically~*~*~ (stealth).
  4975 | D:5      | 4975 ||| INVOKING Berserk.
  4977 | D:5      | Reached skill level 7 in Axes
  4995 | D:5      | 4995 ||| FLEEEEING.
  4996 | D:5      | 4996 ||| FLEEEEING.
  4999 | D:5      | 4999 ||| FLEEEEING.
  5000 | D:5      | 5000 ||| FLEEEEING.
  5001 | D:5      | 5001 ||| FLEEEEING.
  5002 | D:5      | 5002 ||| FLEEEEING.
  5003 | D:5      | 5003 ||| FLEEEEING.
  5004 | D:5      | 5004 ||| STAIRDANCE
  5108 | D:5      | 5108 ||| INVOKING Berserk.
  5113 | D:5      | 5113 ||| STAIRDANCE
  5255 | D:5      | Found a burning altar of Makhleb.
  5572 | D:5      | 5572 ||| Stepping ~*~*~tactically~*~*~ (stealth).
  5575 | D:5      | 5575 ||| INVOKING Berserk.
  5585 | D:5      | HP: 11/66 [orc warrior/+4 trident of protection (17)]
  5590 | D:5      | Reached skill level 1 in Throwing
  5590 | D:5      | Reached XP level 8. HP: 12/49 MP: 8/8
  5854 | D:5      | 5854 ||| INVOKING Berserk.
  5993 | D:5      | Noticed Ijyb
  5994 | D:5      | 5994 ||| INVOKING Berserk.
  6002 | D:5      | Killed Ijyb
  6141 | D:5      | 6141 ||| UPGRADING to +0 cloak.
  6146 | D:5      | 6146 ||| UPGRADING to +0 chain mail.
  6156 | D:5      | 6156 ||| DROPPING +0 ring mail.
  6157 | D:5      | 6157 ||| UPGRADING to +0 plate armour.
  6167 | D:5      | 6167 ||| DROPPING +0 chain mail.
  6222 | D:6      | 6222 ||| Stepping ~*~*~tactically~*~*~ (stealth).
  6242 | D:6      | 6242 ||| Stepping ~*~*~tactically~*~*~ (stealth).
  6256 | D:6      | Reached skill level 3 in Armour
  6559 | D:6      | 6559 ||| Stepping ~*~*~tactically~*~*~ (stealth).
  6561 | D:6      | 6561 ||| Stepping ~*~*~tactically~*~*~ (stealth).
  6574 | D:6      | 6574 ||| INVOKING Berserk.
  6578 | D:6      | HP: 15/73 [killer bee (5)]
  6828 | D:6      | Found a runed translucent gate.
  6828 | D:6      | Found a runed translucent gate.
  6829 | D:6      | Found a runed translucent gate.
  6830 | D:6      | Identified the +6 chain mail of Whack-A-Mole {Harm}
  6832 | D:6      | Noticed qw's ghost (novice GrFi)
  6939 | D:6      | Found a staircase to the Ecumenical Temple.
  6994 | D:6      | Found a shadowy altar of Dithmenos.
  7022 | D:6      | 7022 ||| INVOKING Berserk.
  7032 | D:6      | Reached skill level 8 in Axes
  7216 | D:6      | 7216 ||| DROPPING amulet of magic regeneration.
  7217 | D:6      | 7217 ||| READING scroll labelled KIPHYPS YGOA.
  7279 | D:7      | 7279 ||| Stepping ~*~*~tactically~*~*~ (stealth).
  7295 | D:7      | Reached XP level 9. HP: 43/55 MP: 9/9
  7536 | D:7      | Reached skill level 6 in Fighting
  7664 | D:7      | 7664 ||| INVOKING Berserk.
  7815 | D:7      | 7815 ||| DROPPING +0 whip of electrocution.
  7822 | D:7      | Found an ancient bone altar of Kikubaaqudgha.
  7843 | D:7      | Noticed an ice statue
  7862 | D:7      | HP: 8/55 [ice statue/freezing blast (25)]
  7863 | D:7      | 7863 ||| READING 2 scrolls of teleportation.
  7863 | D:7      | Engulfed by an ice statue's freezing vapour

Levels and vault maps discovered:
D:1:      onia_arrival_pyramid, layout_rooms,
          dreamdust_ecumenical_altar_angels_and_demons, minmay_domino_2
D:2:      layout_basic, basic_altar
D:3:      layout_loops_ring, chequers_mini_garden
D:4:      layout_basic, uniq_sigmund
D:5:      layout_basic, mainiacjoe_overflow_alcove_1, serial_park_tiny_1,
          uniq_ijyb
D:6:      layout_gridville, mainiacjoe_overflow_brackets,
          minmay_temple_entry_enclosed_plants, biasface_ghost_orc_armoury
D:7:      lemuel_ice_statue, layout_cave_pods, general_overflow_altar

Skill      XL: |  1  2  3  4  5  6  7  8  9 |
---------------+----------------------------+-----
Axes           | 3 4 5 6 7 8 |  8.5
Shields        | 2 3 |  3.1
Fighting       | 4 5 6 |  6.0
Throwing       | 1 2 |  2.3
Armour         | 5 |  5.0
Dodging        | |  1.5

Action                   |  1- 3 |  4- 6 |  7- 9 || total
-------------------------+-------+-------+-------++-------
Melee: Hand axe          |    87 |    50 |   165 ||   302
       Punch             |     1 |       |       ||     1
Throw: Boomerang         |    48 |    14 |    18 ||    80
       Javelin           |       |       |    14 ||    14
Invok: Berserk           |     4 |     3 |     8 ||    15
  Use: Scroll            |     7 |     2 |     4 ||    13
       Potion            |     2 |       |       ||     2
Armor: Animal skin       |    17 |       |       ||    17
       Ring mail         |     4 |    25 |    20 ||    49
       Plate armour      |       |       |    99 ||    99
Dodge: Dodged            |    41 |    20 |    56 ||   117
Block: Buckler           |       |     3 |    28 ||    31

Table legend:
 A = Non-vault XP
 B = Vault XP
 C = Vault XP percentage of total XP
 D = Non-vault monster count
 E = Vault monster count
 F = Vault count percentage of total count
                 A         B        C        D         E       F
            +---------+---------+-------+---------+---------+-------
      Total |    2393 |     283 |  10.6 |      96 |       4 |   4.0
            +---------+---------+-------+---------+---------+-------
        D:1 |      18 |       4 |  18.2 |      13 |       2 |  13.3
        D:2 |      33 |       0 |   0.0 |      16 |       0 |   0.0
        D:3 |      28 |       0 |   0.0 |       9 |       0 |   0.0
        D:4 |     455 |     243 |  34.8 |      15 |       1 |   6.2
        D:5 |     602 |      36 |   5.6 |      19 |       1 |   5.0
        D:6 |     811 |       0 |   0.0 |      17 |       0 |   0.0
        D:7 |     446 |       0 |   0.0 |       7 |       0 |   0.0
            +---------+---------+-------+---------+---------+-------
